 Dungeon Crawl Stone Soup version 0.27.1-33-g824d729ab1 (webtiles) character file.

Game seed: 9288648848851428870

28 LLlMATKO the Skirmisher (level 2, -5/40 HPs)
             Began as a Minotaur Berserker on Dec 30, 2021.
             Was a Follower of Trog.
             Slain by Ijyb (7 damage)
             ... on level 2 of the Dungeon.
             The game lasted 00:01:03 (1012 turns).

LLlMATKO the Skirmisher (Minotaur Berserker)        Turns: 1012, Time: 00:01:05

Health: -5/40      AC:  0    Str: 21    XL:     2   Next: 96%
Magic:  1/1        EV: 12    Int:  4    God:    Trog [*.....]
Gold:   81         SH:  0    Dex:  9    Spells: 1/1 levels left

rFire    . . .     SeeInvis .   a - +0 mace
rCold    . . .     Faith    .   (no shield)
rNeg     . . .     Spirit   .   b - +0 animal skin
rPois    .         Reflect  .   (helmet restricted)
rElec    .         Harm     .   (no cloak)
rCorr    .         Rampage  .   h - +0 pair of gloves
Will     .....                  (no boots)
Stlth    ..........             (no amulet)
HPRegen  0.13/turn              (no ring)
MPRegen  0.07/turn              (no ring)

@: berserking, corroded, very quick
A: horns 2, retaliatory headbutt
a: Renounce Religion, Berserk


You were on level 2 of the Dungeon.
You worshipped Trog.
Trog was aware of your devotion.
You visited 1 branch of the dungeon, and saw 2 of its levels.

You collected 81 gold pieces.

Inventory:

Hand Weapons
 a - a +0 mace (weapon)
Missiles
 k - 17 poisoned darts (quivered)
Armour
 b - a +0 animal skin (worn)
 h - a +0 pair of gloves (worn)
Scrolls
 c - a scroll of enchant weapon {unknown}
 f - a scroll of teleportation {unknown}
 g - a scroll of identify {unknown}
 i - a scroll of amnesia {unknown}
Potions
 d - 2 potions of cancellation {unknown}
 e - a potion of resistance {unknown}
 j - a potion of magic {unknown}


   Skills:
 + Level 4.0 Fighting
 + Level 4.0 Maces & Flails
 + Level 2.9 Armour
 + Level 2.7 Dodging


You had one spell level left.
You didn't know any spells.
Your spell library was empty.

Dungeon Overview and Level Annotations

Branches:
Dungeon (2/15)

Altars:

Shops:
D:1 [

Annotations:
D:2 Ijyb


Innate Abilities, Weirdness & Mutations

You have a pair of horns on your head.
You reflexively headbutt those who attack you in melee.


Message History

The stone closely misses you.
Found a viscous amethyst potion and 19 stones.
The goblin closely misses you. The goblin hits you but does no damage.
You sock the goblin!
You kill the goblin!
Trog accepts your kill. The goblin closely misses you.
You thump the goblin!
You kill the goblin!
Trog accepts your kill. The goblin closely misses you. You furiously retaliate!
You headbutt the goblin.
You kill the goblin!
Trog accepts your kill. The goblin misses you.
You hit Ijyb. You headbutt Ijyb, but do no damage.
Ijyb is lightly wounded.
The goblin closely misses you. Ijyb hits you with a +0 club.
The goblin closely misses you.
A red film seems to cover your vision as you go berserk!
You feel yourself moving faster!
You feel mighty!
The goblin shoots a stone.
The stone barely misses you.
Ijyb zaps a wand.
The bolt of acid hits you! The acid corrodes you!
You are splashed with acid!
* * * LOW HITPOINT WARNING * * *
The goblin hits you with a +0 dagger.
* * * LOW HITPOINT WARNING * * *
The goblin closely misses you.
You are too injured to fight recklessly!
You are too injured to fight recklessly!
Unknown command.
You are too injured to fight recklessly!
You are too injured to fight recklessly!
You closely miss Ijyb.
Ijyb is lightly wounded.
The goblin shoots a stone.
The stone hits you.
* * * LOW HITPOINT WARNING * * *
The stone freezes you.
* * * LOW HITPOINT WARNING * * *
Ijyb hits you with a +0 club!
You die...

##.###.#####
...........# ##.
...##......# ##..
#####......###..########
# ##........#..8.8.8.8.
####...#.#..............
.....#.#...##..........(
###.##.##..##...gg......
#.#......##...@.g....!
#.#.#.##.##....g......
.........#....8.8.8.8.
..###+###.....########
r.##≈≈)≈≈##..#...#
.##≈..P..≈##.###.#
#≈.P...Pb≈#... ...
≈...♣...≈#..## ###
.P.⌠b⌠.P.+..#


You could see Ijyb and 3 goblins.

Vanquished Creatures
  An adder (D:2)
  A bat (D:1)
  4 endoplasms
  6 goblins
  2 kobolds (D:1)
  A frilled lizard (D:1)
  2 rats (D:1)
17 creatures vanquished.

Notes
Turn   | Place    | Note
-------+----------+-------------------------------------------
     0 | D:1      | LLlMATKO the Minotaur Berserker began the quest for the
                  | Orb.
     0 | D:1      | Reached XP level 1. HP: 19/19 MP: 0/0
   504 | D:1      | Found Kintoh's Armour Shop.
   511 | D:1      | Reached XP level 2. HP: 21/27 MP: 1/1
   774 | D:1      | Found a faded altar of an unknown god.
  1005 | D:2      | Noticed Ijyb
  1012 | D:2      | HP: 2/40 [goblin/stone (1)]
  1012 | D:2      | Slain by Ijyb

Illustrated notes

Levels and vault maps discovered:
D:1:      scummos_arrival_simple_crosswalls, layout_basic, serial_shops, shop,
          shapermc_ecumenical_altar_ellora
D:2:      kennysheep_the_goblin_king, layout_rooms, basic_altar,
          hangedman_glass_garden, chequers_garden, minmay_misc_feat_roman,
          serial_bayou_pond_e, minmay_octomino_c4

Skill      XL: |  1  2 |
---------------+-------+-----
Fighting       | 4 |  4.0
Maces & Flails | 4 |  4.0
Armour         | |  2.9
Dodging        | |  2.7

Action                   || total
-------------------------++-------
Melee: Mace              ||    22
       Headbutt          ||     3
Invok: Berserk           ||     1
 Stab: Sleeping          ||     3
Armor: Animal skin       ||     7
Dodge: Dodged            ||    12
